 Dungeon Crawl Stone Soup version 0.20.0-10-g0535bb4 (webtiles) character file.

291 maniacrov the Shield-Bearer (level 6, -1/53 HPs)
             Began as a Minotaur Fighter on June 5, 2017.
             Killed from afar by Blork the orc (9 damage)
             ... with a puff of frost
             ... on level 4 of the Dungeon.
             The game lasted 00:08:49 (1885 turns).

maniacrov the Shield-Bearer (Minotaur Fighter)      Turns: 1885, Time: 00:08:50

Health: -1/53      AC:  7    Str: 22    XL:     6   Next: 10%
Magic:  5/5        EV:  8    Int:  5    God:
Gold:   177        SH: 10    Dex: 10    Spells: 4/5 levels left

rFire    . . .     SeeInvis .   a - +0 war axe
rCold    . . .     Gourm    .   c - +0 shield
rNeg     . . .     Faith    .   b - +0 scale mail
rPois    .         Spirit   .   (helmet restricted)
rElec    .         Reflect  .   (no cloak)
rCorr    .         Harm     .   (no gloves)
MR       .....                  (no boots)
Stlth    ..........             (no amulet)
Regen    0.2/turn               (no ring)
MPRegen  0.1/turn               (no ring)

@: no status effects
A: retaliatory headbutt, horns 2
a: no special abilities


You were on level 4 of the Dungeon.
You were not hungry.

You visited 1 branch of the dungeon, and saw 4 of its levels.

You collected 177 gold pieces.

Inventory:

Hand Weapons
 a - a +0 war axe (weapon)
Armour
 b - a +0 scale mail (worn)
 c - a +0 shield (worn)
 m - a cursed +0 ring mail
Scrolls
 h - a scroll of remove curse
 i - a scroll of fog
 l - a scroll of magic mapping {unknown}
 p - 2 scrolls of recharging
Potions
 d - a potion of might
 e - a potion of brilliance {unknown}
 g - a potion of mutation {unknown}
 j - a potion of heal wounds {unknown}
 k - a potion of flight {unknown}
 n - a potion of lignification {unknown}
 q - a potion of magic {unknown}
 r - a potion of curing
Books
 s - a book of Minor Magic

   Spells                             Type                      Level
   a - Magic Dart                     Conjuration                  1
   b - Blink                          Translocation                2
   c - Call Imp                       Summoning                    2
   d - Slow                           Hexes                        2
   e - Conjure Flame                  Conjuration/Fire             3
   f - Mephitic Cloud                 Conjuration/Poison/Air       3
Comestibles
 f - 2 bread rations
 o - a meat ration


   Skills:
 + Level 4.3 Fighting
 + Level 5.0 Axes
 + Level 4.8 Armour
 + Level 1.6 Dodging
 + Level 0.1 Stealth
 + Level 5.1 Shields


You had 4 spell levels left.
You knew the following spells:

 Your Spells              Type           Power        Failure   Level  Hunger
a - Magic Dart            Conj           #...         99%         1    ##.....


Dungeon Overview and Level Annotations

Branches:
Dungeon (4/15)
 Temple: D:4-7

Altars:
Dithmenos
Elyvilon
Vehumet
Zin

Annotations:
D:4 Blork the orc


Innate Abilities, Weirdness & Mutations

You reflexively headbutt those who attack you in melee.
You have a pair of horns on your head.


Message History

The adder bites you but does no damage. You block the adder's attack.
You closely miss the adder. Your headbutt misses the adder.
The adder is severely wounded.
You block the adder's attack. The adder bites you.
* * * LOW HITPOINT WARNING * * *
You slash the adder!
You kill the adder!
Your shield prevents you from hitting Blork the orc.
You headbutt Blork the orc!
Blork the orc is moderately wounded.
Blork the orc closely misses you.
You barely miss Blork the orc.
Blork the orc is moderately wounded.
Blork the orc barely misses you.
Blork the orc hits you but does no damage.
You slash Blork the orc! You headbutt Blork the orc!
Blork the orc is severely wounded.
Blork the orc points at you and mumbles some strange words.
The puff of frost hits you!
You die...

##....... ........##
###### #.# ....%.$..#
#....###.# .......o.#
##.....##.# .........#
#.........## .........#
##..........# .###...[##
#...........##
##...####..........#.##
##..o@............†#.#
........###............##.
.######## #............###
##...........# #
#...........#
#..........## #..........#
#...##.....# .... ##....#


You could see Blork the orc.

Vanquished Creatures
  Natasha (D:2)
  2 iguanas (D:4)
  2 worker ants (D:4)
  A hound skeleton (D:4)
  Robin (D:2)
  7 adders
  2 oozes
  A worm (D:2)
  2 dart slugs (D:1)
  A leopard gecko (D:2)
  2 orcs (D:3)
  5 bats
  3 giant cockroaches
  15 goblins
  5 hobgoblins
  6 jackals
  2 kobolds
  A ball python (D:2)
  A frilled lizard (D:1)
  A jackal skeleton (D:4)
  A quokka skeleton (D:4)
  4 rats
66 creatures vanquished.

Notes
Turn   | Place    | Note
-------+----------+-------------------------------------------
     0 | D:1      | maniacrov the Minotaur Fighter began the quest for the Orb.
     0 | D:1      | Reached XP level 1. HP: 19/19 MP: 0/0
   108 | D:1      | Reached XP level 2. HP: 27/27 MP: 1/1
   502 | D:1      | You fall through a shaft!
   509 | D:2      | Reached XP level 3. HP: 30/33 MP: 2/2
   746 | D:2      | Noticed Natasha
   774 | D:2      | Killed Natasha
   774 | D:2      | Reached skill level 1 in Dodging
   774 | D:2      | Reached XP level 4. HP: 31/40 MP: 3/3
   781 | D:2      | Noticed Robin
   799 | D:2      | Killed Robin
  1023 | D:2      | Found a white marble altar of Elyvilon.
  1398 | D:3      | Found a glowing silver altar of Zin.
  1513 | D:4      | Found a shadowy altar of Dithmenos.
  1517 | D:4      | Reached skill level 5 in Shields
  1517 | D:4      | Reached XP level 5. HP: 41/46 MP: 4/4
  1586 | D:4      | Found a radiant altar of Vehumet.
  1724 | D:4      | Learned a level 1 spell: Magic Dart
  1839 | D:4      | Reached XP level 6. HP: 26/52 MP: 5/5
  1857 | D:4      | Reached skill level 5 in Axes
  1869 | D:4      | Noticed Blork the orc
  1885 | D:4      | Killed from afar by Blork the orc

Skill      XL: |  1  2  3  4  5  6 |
---------------+-------------------+-----
Shields        | 4 5 |  5.1
Armour         | 4 |  4.8
Axes           | 3 4 5 |  5.0
Dodging        | 1 |  1.6
Fighting       | 4 |  4.3
Stealth        | |  0.1

Action                   |  1- 3 |  4- 6 || total
-------------------------+-------+-------++-------
Melee: War axe           |    72 |    85 ||   157
       Headbutt          |    11 |    13 ||    24
  Use: Scroll            |       |     5 ||     5
  Eat: Bread ration      |       |     1 ||     1
Armor: Scale mail        |    35 |    43 ||    78
Dodge: Dodged            |    27 |    31 ||    58
Block: Shield            |    42 |    59 ||   101
